 Dungeon Crawl Stone Soup version 0.31-a0-188-g5e087ee2ca (webtiles) character file.

Game seed: 15191615857827992223

63 qw the Shooter (level 3, 0/20 HPs)
             Began as a Deep Elf Hunter on June 23, 2023.
             Slain by a goblin
             ... wielding a +0 club
             ... led by Robin
              (4 damage)
             ... on level 2 of the Dungeon.
             The game lasted 00:00:25 (974 turns).

qw the Shooter (Deep Elf Hunter)                     Turns: 974, Time: 00:00:26

Health: 0/20       AC:  5    Str: 10    XL:     3   Next: 89%
Magic:  5/5        EV: 11    Int: 13    God:
Gold:   65         SH:  0    Dex: 18    Spells: 2/2 levels left

rFire   . . .        Y - +0 shortbow
rCold   . . .        (shield currently unavailable)
rNeg    . . .        d - +0 ring mail
rPois   .            (no helmet)
rElec   .            (no cloak)
rCorr   .            (no gloves)
SInv    .            (no boots)
Will    .....        (no amulet)
Stlth   +            (no ring)
HPRegen 0.23/turn    (no ring)
MPRegen 0.09/turn

%: no passive effects
@: no status effects
A: no striking features
a: no special abilities


You were on level 2 of the Dungeon.
You visited 1 branch of the dungeon, and saw 2 of its levels.

You collected 65 gold pieces.


   Skills:
 - Level 1.5 Fighting
 + Level 7.3 Ranged Weapons
 - Level 2.4 Dodging
 - Level 1.2 Stealth


You had 2 spell levels left.
You didn't know any spells.
Your spell library was empty.

Inventory:

Hand Weapons
 Y - a +0 shortbow (weapon)
Armour
 d - a +0 ring mail (worn)
Scrolls
 c - 2 scrolls of teleportation {unknown}
 g - a scroll of identify {unknown}
Potions
 a - a potion of heal wounds {unknown}
 b - 2 potions of degeneration {unknown}
 e - a potion of cancellation {unknown}
 f - a potion of magic {unknown}

Dungeon Overview and Level Annotations

Branches:
Dungeon (2/15)

Altars:

Annotations:
D:2 Robin


Message History

The goblins go into a battle-frenzy!
A goblin comes into view. It is wielding a +0 dagger.
967 ||| FLEEEEING.
You shoot an arrow. The arrow closely misses the hobgoblin.
Robin throws the goblin at you! The goblin hits you with a +0 dagger.
Robin throws the goblin at you! The goblin closely misses you.
The goblin hits you with a +0 dagger.
You shoot an arrow. The arrow hits the goblin.
You kill the goblin!
A goblin comes into view. It is wielding a +0 dagger.
The goblin misses you.
You shoot an arrow. The arrow hits the hobgoblin.
The hobgoblin is moderately wounded.
The hobgoblin barely misses you. The goblin barely misses you.
The hobgoblin hits you but does no damage.
You shoot an arrow. The arrow barely misses the hobgoblin.
The arrow hits the goblin.
The goblin is severely wounded.
The goblin hits you with a +0 dagger. The hobgoblin closely misses you.
You shoot an arrow. The arrow closely misses the goblin.
Robin throws the goblin at you! The goblin misses you.
The hobgoblin misses you. The goblin barely misses you.
The goblin hits you but does no damage. The hobgoblin closely misses you.
You shoot an arrow.
The arrow hits the goblin but does no damage.
The goblin is severely wounded.
Robin roars a battlecry!
The goblins go into a battle-frenzy!
The goblin closely misses you. The hobgoblin barely misses you.
The goblin barely misses you. The goblin closely misses you.
The hobgoblin hits you.
You shoot an arrow.
The arrow hits the goblin but does no damage.
The goblin is severely wounded.
The goblin closely misses you. The hobgoblin misses you.
The goblin hits you but does no damage. The goblin hits you with a +0 club.
The hobgoblin hits you.
Robin says, "Feeling lonely?"
The goblin hits you with a +0 club.
You die...

#.######........### ..
.......<........... g.
.#########.#####.##...
.). ....# #.#####+##.##
#.##.#.# #.#......#...
.#.)..g.### #.#......+...
..........###.#......##..
.#.....ggg.....<..#...'..
......)g@.####....#.###..
....#.g#######...#.# ###
. #.......##...#.# #
#.#####.##...#.## # #+
#.###.....####
###.######......
+.........#...##
###.#####.##..%. #.#
#.##.##.


You could see Robin, 2 hobgoblins and 3 goblins.

Vanquished Creatures
  A gnoll (D:1)
  An adder (D:2)
  A dart slug (D:1)
  2 bats
  An endoplasm (D:1)
  A giant cockroach (D:1)
  9 goblins
  4 hobgoblins
  3 jackals (D:1)
  4 kobolds
  A quokka (D:1)
  4 ball pythons
  2 frilled lizards (D:1)
  7 rats
41 creatures vanquished.

Notes
Turn   | Place    | Note
-------+----------+-------------------------------------------
     0 | D:1      | qw the Deep Elf Hunter began the quest for the Orb.
     0 | D:1      | Reached XP level 1. HP: 12/12 MP: 3/3
     0 | D:1      | 0 ||| qw: Version: 0.3-a-9-g12657ce
     0 | D:1      | 0 ||| qw: Game counter: 4279
     0 | D:1      | 0 ||| qw: Always use a shield: true
     0 | D:1      | 0 ||| qw: God list: Okawaru
     0 | D:1      | 0 ||| qw: Allow faded altars: false
     0 | D:1      | 0 ||| qw: Do Orc after D:15 true
     0 | D:1      | 0 ||| qw: Do second Lair branch before Depths: true
     0 | D:1      | 0 ||| qw: Lair rune preference: random
     0 | D:1      | 0 ||| qw: Plans: Normal
     0 | D:1      | 0 ||| PLANNING D:1-11
    45 | D:1      | Reached XP level 2. HP: 16/16 MP: 4/4
    47 | D:1      | Reached skill level 6 in Ranged Weapons
   219 | D:1      | 219 ||| Stepping ~*~*~tactically~*~*~ (outnumbered).
   222 | D:1      | 222 ||| Stepping ~*~*~tactically~*~*~ (outnumbered).
   224 | D:1      | 224 ||| Stepping ~*~*~tactically~*~*~ (outnumbered).
   227 | D:1      | 227 ||| Stepping ~*~*~tactically~*~*~ (outnumbered).
   328 | D:1      | Reached XP level 3. HP: 20/20 MP: 5/5
   451 | D:1      | 451 ||| UPGRADING to +0 ring mail.
   461 | D:1      | 461 ||| DROPPING +0 leather armour.
   462 | D:1      | 462 ||| READING scroll labelled IFIPNI KOCOI.
   463 | D:1      | 463 ||| READING scroll labelled WOM SOVVASIPT.
   464 | D:1      | 464 ||| READING scroll labelled DUQUUL CUIJA.
   565 | D:1      | 565 ||| DROPPING scroll of butterflies.
   652 | D:2      | Reached skill level 7 in Ranged Weapons
   660 | D:2      | Found a faded altar of an unknown god.
   964 | D:2      | Noticed Robin
   967 | D:2      | 967 ||| FLEEEEING.
   974 | D:2      | HP: 4/20 [hobgoblin[Robin] (4)]
   974 | D:2      | Slain by a goblin

Levels and vault maps discovered:
D:1:      dpeg_arrival_rooms_a, layout_rooms, minmay_pentomino_o4
D:2:      layout_basic, hellmonk_ecumenical_altar_lost_god, uniq_robin

Skill      XL: |  1  2  3 |
---------------+----------+-----
Ranged Weapons | 6 7 |  7.3
Fighting       | |  1.5
Dodging        | |  2.4
Stealth        | |  1.2

Action                     || total
---------------------------++-------
   Fire: Shortbow          ||    86
    Use: Scroll            ||     3
 Armour: Leather armour    ||     1
         Ring mail         ||     3
  Dodge: Dodged            ||    30

Table legend:
 A = Non-vault XP
 B = Vault XP
 C = Vault XP percentage of total XP
 D = Non-vault monster count
 E = Vault monster count
 F = Vault count percentage of total count
                 A         B        C        D         E       F
            +---------+---------+-------+---------+---------+-------
      Total |      78 |      13 |  14.3 |      32 |       9 |  22.0
            +---------+---------+-------+---------+---------+-------
        D:1 |      55 |       4 |   6.8 |      24 |       4 |  14.3
        D:2 |      23 |       9 |  28.1 |       8 |       5 |  38.5
            +---------+---------+-------+---------+---------+-------
